 Dungeon Crawl Stone Soup version 0.21.1-1-g345015f (webtiles) character file.

238 Firecrotchwizard the Digger (level 6, -10/32 HPs)
             Began as a Gargoyle Earth Elementalist on Mar 31, 2018.
             Mangled by an ogre
             ... wielding a +0 giant club
              (25 damage)
             ... on level 4 of the Dungeon.
             The game lasted 00:06:33 (3408 turns).

Firecrotchwizard the Digger (GrEE)                  Turns: 3408, Time: 00:06:33

Health: -10/32     AC:  7    Str: 11    XL:     6   Next: 7%
Magic:  5/10       EV: 12    Int: 18    God:
Gold:   121        SH:  0    Dex: 10    Spells: 6/10 levels left

rFire    . . .     SeeInvis .   o - +0 hand axe (elec)
rCold    . . .     Gourm    .   (no shield)
rNeg     + . .     Faith    .   c - +0 robe
rPois    ∞         Spirit   .   (no helmet)
rElec    +         Reflect  .   (no cloak)
rCorr    .         Harm     .   f - +0 pair of gloves
MR       .....                  (no boots)
Stlth    ++........             (no amulet)
HPRegen  0.10/turn              (no ring)
MPRegen  0.12/turn              (no ring)

@: no status effects
A: negative energy resistance 1, electricity resistance, unbreathing,
petrification resistance, rot immunity, AC +4
a: no special abilities


You were on level 4 of the Dungeon.
You were not hungry.

You visited 1 branch of the dungeon, and saw 4 of its levels.

You collected 121 gold pieces.

Inventory:

Hand Weapons
 o - a +0 hand axe of electrocution (weapon)
   (You found it on level 1 of the Dungeon)
Missiles
 b - 51 stones (quivered)
Armour
 c - a +0 robe (worn)
 f - a +0 pair of gloves (worn)
   (You found it on level 2 of the Dungeon)
 v - a cursed +0 leather armour
   (You took it off a hobgoblin on level 2 of the Dungeon)
Jewellery
 r - an uncursed amulet of faith {Faith, !P}
   (You found it on level 2 of the Dungeon)
Wands
 a - a wand of paralysis (14)
   (You found it on level 2 of the Dungeon)
Scrolls
 j - a scroll of magic mapping {unknown}
 k - a scroll of enchant armour {unknown}
 l - a scroll of remove curse
 m - a scroll of immolation {unknown}
 n - 3 scrolls of random uselessness {unknown}
 q - a scroll of enchant weapon {unknown}
 u - a scroll of fog {unknown}
 w - a scroll of identify
 x - a scroll of noise {unknown}
Potions
 g - 2 potions of heal wounds {unknown}
 h - a potion of might {unknown}
 i - a potion of berserk rage {unknown}
 p - a potion of curing {unknown}
 s - a potion of brilliance {unknown}
 t - a potion of magic {unknown}
 z - a potion of mutation {unknown}
 B - a potion of haste {unknown}
Books
 e - a book of Geomancy
Comestibles
 d - 5 rations {@e1}
 A - 18 chunks of flesh {@w0}


   Skills:
 - Level 1.5 Dodging
 - Level 2.1 Stealth
 - Level 2.9 Spellcasting
 * Level 4.0 Conjurations
   Level 0.7 Transmutations
 + Level 5.6 Earth Magic


You had 6 spell levels left.
You knew the following spells:

 Your Spells              Type           Power        Failure   Level  Hunger
a - Sandblast             Erth           ###...       1%          1    None
x - Stone Arrow           Conj/Erth      ###...       7%          3    ###....


Dungeon Overview and Level Annotations

Branches:
Dungeon (4/15)
 Temple: D:4-7

Altars:
Ru
Wu Jian


Innate Abilities, Weirdness & Mutations

You are resistant to torment.
Your stone body is resilient. (AC +4)
You are immune to poison.
You resist negative energy. (rN+)
You are resistant to electric shocks. (rElec)
You can survive without breathing.
You are immune to petrification.
You are immune to rotting.


Message History

A - 7 chunks of flesh {@w0} (gained 4)
Items here: ( )) [ ÷ †† You butcher the orc corpse.
A - 9 chunks of flesh {@w0} (gained 2)
Items here: ( )) [ ÷ † an enchanted dagger; a robe; a mace; 3 tomahawks; an orc corpse an orc skeleton MP restored: 9 You butcher the orc corpse.
A - 13 chunks of flesh {@w0} (gained 4)
Items here: ( )) [ ÷÷ an enchanted dagger; a robe; a mace; 3 tomahawks; an orc skeleton x2
There isn't anything to butcher here.
Autoeating chunks.
Eating one of 13 chunks of flesh {@w0}.
You eat one of the 13 chunks of flesh {@w0}.
Found a stone staircase leading up.
An orc comes into view. It is wielding a short sword.
The orc moves out of view.
You regained 2 hp, and now have 26/28 hp.
An orc and an orc priest come into view.
The orc shouts!
You hit the orc. Lightning courses through the orc!
You kill the orc!
You start resting.
Aim: an orc priest, wielding a flail and wearing a leather armour The blast of sand hits the orc priest.
b - 57 stones You now have 8/9 mp.
Aim: an orc priest, wielding a flail and wearing a leather armour (heavily wounded)
The blast of sand hits the orc priest.
b - 56 stones You now have 7/9 mp.
You barely miss the orc priest. The orc priest closely misses you.
You closely miss the orc priest.
The orc priest hits you but does no damage.
The orc shouts!
You hit the orc priest. The orc priest misses you.
You hit the orc priest.
Lightning courses through the orc priest!
You kill the orc priest!
Your Conjurations skill increases to level 4!
You have reached level 6!
Your experience leads to an increase in your attributes!
Increase (S)trength, (I)ntelligence, or (D)exterity?
You feel clever.
You regained 4 hp, and now have 31/32 hp.
Items here: ) [ †† a flail; a leather armour; an orc corpse x2; Health restored: 32 You hit the orc but do no damage.
Lightning courses through the orc!
You kill the orc!
Things that are here:
a short sword; a ring mail; an orc corpse You butcher the orc corpse.
A - 16 chunks of flesh {@w0} (gained 4)
Things that are here:
a short sword; a ring mail
Items here: ) [ †† a flail; a leather armour; an orc corpse x2
You butcher the orc corpse.
A - 17 chunks of flesh {@w0} (gained 1)
Items here: ) [ ÷ † a flail; a leather armour; an orc corpse; an orc skeleton You start resting.
MP restored: 10 You butcher the orc corpse.
A - 18 chunks of flesh {@w0} (gained 1)
Items here: ) [ ÷÷ a flail; a leather armour; an orc skeleton x2
Items here: ) [ ÷÷ a flail; a leather armour; an orc skeleton x2
An ogre comes into view. It is wielding a giant club.
You can't see any susceptible monsters within range! (Use Z to cast anyway.)
Aim: an ogre, wielding a giant club The blast of sand hits the ogre.
b - 55 stones You now have 9/10 mp.
Aim: an ogre, wielding a giant club (moderately wounded)
The blast of sand hits the ogre.
b - 54 stones You now have 8/10 mp.
Aim: an ogre, wielding a giant club (severely wounded)
The blast of sand misses the ogre.
b - 53 stones The ogre closely misses you.
You now have 7/10 mp.
Aim: an ogre, wielding a giant club (severely wounded)
The blast of sand hits the ogre.
b - 52 stones The ogre hits you with a giant club!
Ouch! That really hurt!
You take 17 damage, and have 15/32 hp.
MASSIVE DAMAGE!!
You now have 6/10 mp.
Aim: an ogre, wielding a giant club (almost dead)
The blast of sand misses the ogre.
b - 51 stones The ogre hits you with a giant club!!
Ouch! That really hurt!
You die...

.### ...+ ... .###
#.. .# #.# .# #.#
.# #.# ## #+# #%#
#.# #O# ##### #.#
#@# ....# ##.##
#.#
###.###...######.#
# #.##........##.#
###.###...###.##.#
....####..#......#
............#.####
#########.###.#
#.###.#


You could see an ogre.

Vanquished Creatures
  A hound (D:3)
  An orc priest (D:4)
  3 orc wizards
  2 adders (D:3)
  A worm (D:2)
  4 dart slugs
  A leopard gecko (D:1)
  8 orcs
  5 giant cockroaches
  5 goblins
  4 hobgoblins
  7 jackals
  5 kobolds
  A quokka (D:3)
  A ball python (D:2)
  6 bats
  4 frilled lizards
  4 rats
63 creatures vanquished.

Notes
Turn   | Place    | Note
-------+----------+-------------------------------------------
     0 | D:1      | Firecrotchwizard the Gargoyle Earth Elementalist began the quest for the Orb.
     0 | D:1      | Reached XP level 1. HP: 10/10 MP: 3/3
   238 | D:1      | Reached XP level 2. HP: 15/15 MP: 3/5
   239 | D:1      | Reached skill level 4 in Earth Magic
   824 | D:1      | Reached XP level 3. HP: 19/19 MP: 6/6
   829 | D:1      | Learned a level 3 spell: Stone Arrow
  1058 | D:2      | Found an ornate altar of the Wu Jian Council.
  1706 | D:2      | Found a sacrificial altar of Ru.
  2251 | D:3      | Reached skill level 1 in Conjurations
  2251 | D:3      | Reached XP level 4. HP: 15/24 MP: 6/8
  2493 | D:3      | Reached skill level 2 in Conjurations
  2493 | D:3      | Reached skill level 5 in Earth Magic
  2496 | D:3      | Reached XP level 5. HP: 28/28 MP: 3/9
  2656 | D:3      | Found a faded altar of an unknown god.
  2664 | D:3      | Reached skill level 3 in Conjurations
  3348 | D:4      | Reached skill level 4 in Conjurations
  3348 | D:4      | Reached XP level 6. HP: 31/32 MP: 7/10
  3408 | D:4      | Mangled by an ogre

Skill      XL: |  1  2  3  4  5 |
---------------+----------------+-----
Earth Magic    | 4 5 |  5.6
Conjurations   | 1 2 4 |  4.0
Dodging        | |  1.5
Stealth        | |  2.1
Spellcasting   | |  2.9
Transmutations | |  0.7

Action                   |  1- 3 |  4- 6 || total
-------------------------+-------+-------++-------
Melee: Unarmed           |    44 |       ||    44
       Hand axe          |    88 |    78 ||   166
Throw: Stone             |     1 |       ||     1
 Cast: Sandblast         |    13 |    15 ||    28
  Use: Scroll            |     3 |       ||     3
 Stab: Sleeping          |     8 |     1 ||     9
  Eat: Chunk             |     4 |     4 ||     8
Armor: Robe              |    54 |    35 ||    89
Dodge: Dodged            |   102 |    57 ||   159

Vault maps used:
D:1:      sevenhm_arrival_forest_fort_small_4
D:2:      lemuel_doored_altar, nicolae_ru_awakened_eye
D:3:      chequers_ecumenical_altar_simple_redux, first_ration
D:4:      uniq_duvessa, uniq_natasha, uniq_sigmund

Table legend:
 A = Turns spent in this place as a percentage of turns spent in the entire game.
 B = Non-inter-level travel turns spent in this place as a percentage of non-inter-level travel turns spent in the entire game.
 C = Inter-level travel turns spent in this place as a percentage of turns spent in this place.
 D = Turns resting spent in this place as a percentage of non-inter-level travel turns spent in this place.
 E = Turns spent auto-exploring this place as a percentage of non-inter-level travel turns spent in this place.
 F = Non-inter-level travel turns spent in this place divided by the number of levels of this place that you've seen.
                   A       B       C       D       E      F
               +-------+-------+-------+-------+-------+----------------------
         Total | 100.0 | 100.0 |   2.3 |  22.1 |  57.4 | 832.0
       Dungeon | 100.0 | 100.0 |   2.3 |  22.1 |  57.4 | 832.0
               +-------+-------+-------+-------+-------+----------------------

Table legend:
 A = Kills in this place as a percentage of kills in entire the game.
 B = Kills by you in this place as a percentage of kills by you in the entire game.
 C = Kills by friends in this place as a percentage of kills by friends in the entire game.
 D = Other kills in this place as a percentage of other kills in the entire game.
 E = Experience gained in this place as a percentage of experience gained in the entire game.
 F = Experience gained in this place divided by the number of levels of this place that you have seen.
                   A       B       C       D       E      F
               +-------+-------+-------+-------+-------+----------------------
         Total | 100.0 | 100.0 |   N/A |   N/A | 100.0 |  85.2
       Dungeon | 100.0 | 100.0 |   N/A |   N/A | 100.0 |  85.2
               +-------+-------+-------+-------+-------+----------------------
